 Dungeon Crawl Stone Soup version 0.32-a0-699-g1ee5eff69a (webtiles) character file.

Game seed: 18308907384861254493

2964 Griffin23 the Carver (level 9, -4/78 HPs)
             Began as a Minotaur Delver on Mar 13, 2024.
             Was a Priest of Nemelex Xobeh.
             Slain by a gnoll sergeant
             ... wielding a +0 halberd
              (14 damage)
             ... in a bailey.
             The game lasted 00:16:14 (6742 turns).

Griffin23 the Carver (Minotaur Delver)              Turns: 6742, Time: 00:16:14

Health: -4/78      AC: 13    Str: 18    XL:     9   Next: 52%
Magic:  8/8        EV:  5    Int:  7    God:    Nemelex Xobeh [***...]
Gold:   322        SH:  0    Dex: 18    Spells: 8/8 levels left

rFire   . . .        a - +0 falchion
rCold   + . .        (no shield)
rNeg    . . .        A - +5 scale mail of the Grand God {Dex+3}
rPois   .            (helmet restricted)
rElec   .            v - scarf {shadows}
rCorr   .            (no gloves)
SInv    .            (no boots)
Will    +....        B - amulet of regeneration
Stlth   ++           q - ring of protection from cold
HPRegen 1.13/turn    n - ring of willpower
MPRegen 0.11/turn

%: no passive effects
@: held
A: horns 2, retaliatory headbutt
a: Renounce Religion, Draw Escape, Draw Destruction, Draw Summoning, Triple Draw


You were in a bailey.
You worshipped Nemelex Xobeh.
Nemelex Xobeh was most pleased with you.
You visited 1 branch of the dungeon, and saw 7 of its levels.
You also visited: Bailey.

You collected 414 gold pieces.
You spent 92 gold pieces at shops.

Inventory:

Hand Weapons
 a - a +0 falchion (weapon)
Missiles
 L - a throwing net (quivered)
Armour
 b - a +0 leather armour
 e - a +0 scale mail
 o - a +1 pair of boots
 v - a scarf of shadows (worn)
 A - the +5 scale mail of the Grand God (worn) {Dex+3}
   (You found it on level 4 of the Dungeon)

   Dex+3:     It affects your dexterity (+3).
 H - a +0 chain mail
 I - a scarf of resistance
Jewellery
 n - a ring of willpower (right hand)
 q - a ring of protection from cold (left hand)
 u - a ring of wizardry
 x - an amulet of guardian spirit
 B - an amulet of regeneration (around neck)
 D - a ring of fire
 G - a ring of flight
Talismans
 f - a serpent talisman
Wands
 g - a wand of digging (3)
 C - a wand of iceblast (6)
 F - a wand of mindburst (10)
Scrolls
 c - 4 scrolls of fog
 d - 5 scrolls of revelation
 i - a scroll of vulnerability {unknown}
 j - 4 scrolls of teleportation
 k - a scroll of amnesia
 p - a scroll of blinking
 s - a scroll of poison
 w - 2 scrolls of butterflies {unknown}
 y - a scroll of enchant weapon {unknown}
 E - a scroll of fear
 J - a scroll of immolation {unknown}
 K - a scroll of enchant armour {unknown}
Potions
 h - 2 potions of enlightenment
 l - 3 potions of curing {unknown}
 m - 2 potions of haste
 r - 2 potions of attraction
 t - 2 potions of degeneration
 z - a potion of resistance {unknown}


   Skills:
 * Level 6.7 Fighting
 * Level 9.8 Long Blades
 * Level 8.1 Armour
 * Level 5.0 Dodging
 * Level 6.2 Stealth


You had 8 spell levels left.
You didn't know any spells.
Your spell library contained the following spells:

 Spells                   Type           Power      Damage    Failure   Level
 Necrotise                Necr           0%         1d4       77%         1
 Cigotuvi's Dreadful Rot  Necr/Alch/Air  0%         N/A       88%         2
 Inner Flame              Hex/Fire       0%         N/A       98%         3
 Vampiric Draining        Necr           0%         2d6       98%         3
 Animate Dead             Necr           0%         N/A       100%        4
 Dispel Undead            Necr           0%         3d6       100%        4
 Flame Wave               Conj/Fire      0%         2d4       100%        4
 Martyr's Knell           Necr/Summ      0%         N/A       100%        4
 Sticky Flame             Fire/Alch      0%         2d4       100%        4
 Borgnjor's Vile Clutch   Necr/Erth      0%         N/A       100%        5
 Curse of Agony           Necr           0%         N/A       100%        5
 Death Channel            Necr           0%         N/A       100%        6


Dungeon Overview and Level Annotations

Branches:
Dungeon (7/15)             Temple (0/1) D:4          Bailey (1/1)

Altars:
Elyvilon
Nemelex Xobeh
Wu Jian

Shops:
D:1 !   D:3 =   D:4 ?   D:6 *


Innate Abilities, Weirdness & Mutations

You have a pair of horns on your head.
You reflexively headbutt those who attack you in melee.


Message History

The gnoll sergeant hits you but does no damage.
There is an open door, spattered with blood here.
The gnoll sergeant attacks as it pursues you!
The gnoll sergeant barely misses you. x3
You draw a card...
You have drawn Vitriol.
Press: ? - help, Shift-Dir - straight line, f - gnoll
Aim: a gnoll, wielding a +0 spear, wearing a +0 ring mail and quivering a throwing net (covering ground quickly)
The bolt of acid hits the gnoll bouda!
The acid corrodes the gnoll bouda!
The gnoll bouda is heavily wounded.
The bolt of acid hits the gnoll!
The acid corrodes the gnoll!
The gnoll is severely wounded.
The gnoll bouda hits you from afar with a +3 halberd!
The gnoll sergeant hits you from afar with a +0 halberd!
The gnoll sergeant closely misses you.
You draw a card...
You have drawn the Orb.
Press: ? - help, Shift-Dir - straight line, f/p - gnoll
Aim: a gnoll, wielding a +0 spear, wearing a +0 ring mail and quivering a throwing net (severely wounded, covering ground quickly, covered in acid)
Your orb of destruction hits a stone wall. x3
The gnoll bouda calls upon its god to heal the gnoll.
The gnoll is healed somewhat.
Your orb of destruction hits a stone wall. x2
The gnoll sergeant hits you from afar with a +0 halberd.
* * * LOW HITPOINT WARNING * * *
The wavering orb of destruction hits the gnoll bouda!!
You blow up the gnoll bouda!
The gnoll sergeant closely misses you.
You draw a card...
You have drawn the Rangers.
Your attacks no longer feel as feeble.
The gnoll throws a throwing net.
The throwing net hits you.
You become entangled in the net!
The gnoll sergeant hits you from afar with a +0 halberd.
* * * LOW HITPOINT WARNING * * *
The gnoll sergeant hits you from afar with a +0 halberd!
* * * LOW HITPOINT WARNING * * *
You struggle against the net.
The gnoll sergeant hits you from afar with a +0 halberd!
You die...
Your body glows with a rainbow of weird colours and disappears.

♣♣♣...........♣♣♣
♣♣...............♣
♣♣≈≈≈≈≈≈≈...≈≈≈≈≈≈≈♣
♣≈≈...............≈≈♣
♣≈.................≈♣
♣≈.######'''######.≈♣
♣≈.# #°..# .≈♣ ♣≈##
#.c○# #≈♣ ♣≈ #.@°# ♣≈
##c## ♣≈


#ggg# ♣≈ #.....# #.......# #..$ß$..# #.......# ##.....## ##...## You could see 2
gnoll sergeants, a gnoll (swift, corroded) and 2 friendly centaur warriors.

Vanquished Creatures
  2 steam dragons
  4 water moccasins
  2 ice beasts (D:6)
  2 orc warriors
  A black bear (D:6)
  An ogre (D:5)
  5 phantoms
  3 scorpions
  A bullfrog (D:6)
  A howler monkey (D:5)
  3 bombardier beetles
  10 hounds
  3 jellies
  3 orc priests
  3 sleepcaps
  2 gnoll boudas
  3 iguanas
  2 orc wizards
  7 gnolls
  10 adders
  A white imp (D:5)
  2 dart slugs (D:3)
  A ribbon worm (D:2)
  22 orcs
  7 bats
  3 endoplasms
  2 giant cockroaches
  13 goblins
  10 hobgoblins
  2 jackals (D:1)
  9 kobolds
  2 quokkas
  5 ball pythons
  5 frilled lizards
  4 rats
156 creatures vanquished.

Notes
Turn   | Place    | Note
-------+----------+-------------------------------------------
     0 | D:5      | Griffin23 the Minotaur Delver began the quest for the Orb.
     0 | D:5      | Reached XP level 1. HP: 19/19 MP: 0/0
    16 | D:5      | Noticed an ogre
   101 | D:6      | Noticed a hound
   114 | D:6      | Killed a hound
   115 | D:6      | Reached XP level 2. HP: 10/27 MP: 1/1
   115 | D:6      | Reached XP level 3. HP: 13/33 MP: 2/2
   435 | D:5      | Found a sparkling altar of Nemelex Xobeh.
   439 | D:5      | Became a worshipper of Nemelex Xobeh the Trickster
   480 | D:4      | Found Ydwoeteff's Magic Scroll Shoppe.
   485 | D:4      | Bought a scroll of identify for 22 gold pieces
   500 | D:3      | Found an ornate altar of the Wu Jian Council.
   650 | D:3      | Reached skill level 1 in Armour
  1135 | D:3      | Found Yhushin's Jewellery Emporium.
  1499 | D:2      | Reached XP level 4. HP: 23/40 MP: 3/3
  1711 | D:2      | Reached skill level 5 in Stealth
  1750 | D:2      | Reached * piety under Nemelex Xobeh
  2010 | D:2      | Reached skill level 3 in Long Blades
  2249 | D:1      | Found Pyizayso's Distillery.
  2257 | D:1      | Bought a potion of heal wounds for 70 gold pieces
  2289 | D:1      | Received a gift from Nemelex Xobeh
  2294 | D:1      | Reached XP level 5. HP: 46/46 MP: 4/4
  2491 | D:1      | Found a faded altar of an unknown god.
  3038 | D:4      | HP: 2/46 [iguana (6)]
  3045 | D:4      | Reached skill level 4 in Long Blades
  3121 | D:4      | Reached ** piety under Nemelex Xobeh
  3270 | D:4      | Noticed a phantom
  3292 | D:4      | Killed a phantom
  3293 | D:4      | Reached XP level 6. HP: 9/53 MP: 5/5
  3699 | D:4      | Identified the +5 scale mail of the Grand God {Dex+3}
  3970 | D:4      | Found a staircase to the Ecumenical Temple.
  4067 | D:4      | Reached skill level 5 in Long Blades
  4624 | D:5      | Reached XP level 7. HP: 55/60 MP: 6/6
  4903 | D:5      | Reached skill level 5 in Fighting
  4971 | D:5      | Reached skill level 6 in Long Blades
  5059 | D:5      | Reached skill level 5 in Armour
  5146 | D:5      | Noticed a steam dragon
  5172 | D:5      | Killed a steam dragon
  5173 | D:5      | Reached XP level 8. HP: 51/69 MP: 7/7
  5188 | D:5      | Reached skill level 7 in Long Blades
  5828 | D:6      | Reached skill level 8 in Long Blades
  5894 | D:6      | Found Dusch's Assorted Antiques.
  5919 | D:6      | Found a transporter.
  5922 | D:6      | Found a white marble altar of Elyvilon.
  5922 | D:6      | Found a transporter.
  6032 | D:6      | Reached XP level 9. HP: 69/75 MP: 8/8
  6097 | D:6      | Reached skill level 9 in Long Blades
  6316 | D:6      | Received a gift from Nemelex Xobeh
  6635 | D:7      | Reached *** piety under Nemelex Xobeh
  6637 | D:7      | Found a flagged portal.
  6654 | Bailey   | Entered a bailey
  6664 | Bailey   | Reached skill level 5 in Dodging
  6742 | Bailey   | Slain by a gnoll sergeant

Illustrated notes

Levels and vault maps discovered:
D:1:      dpeg_arrival_round_a, layout_basic,
          shapermc_ecumenical_altar_mp_highgroup, serial_shops,
          nicolae_shop_pleasant_corner_grove
D:2:      layout_loops_ring, kennysheep_boxes
D:3:      layout_basic, nzn_wu_jian_council_hall, serial_shops,
          nicolae_shop_behind_doors, minmay_misc_feat_enclosed
D:4:      layout_basic, minmay_temple_entry_overgrown, nicolae_stop_n_shop_1
D:5:      corexii_shack_village, layout_basic, nemelex_diamond_rough_becter,
          minmay_joined_circles
D:6:      layout_basic, elyvilon_altar_4, serial_shops, shop,
          minmay_fractal_squares_gapless_5
D:7:      layout_gridville, mainiacjoe_overflow_chevrons, enter_bailey_5
Bailey:   bailey_polearm_gnolls_kennysheep, bailey

Skill      XL: |  1  2  3  4  5  6  7  8  9 |
---------------+----------------------------+-----
Armour         | 1 2 3 4 5 7 8 |  8.1
Fighting       | 4 5 6 |  6.7
Stealth        | 5 6 |  6.2
Long Blades    | 3 4 5 6 8 9 |  9.8
Dodging        | 3 4 5 |  5.0

Action                     |  1- 3 |  4- 6 |  7- 9 || total
---------------------------+-------+-------+-------++-------
  Melee: Falchion          |    66 |   194 |   290 ||   550
         Headbutt          |     9 |    36 |    65 ||   110
 Invoke: Draw Destruction  |       |       |     4 ||     4
         Draw Summoning    |       |       |     1 ||     1
    Use: Scroll            |     2 |     2 |     6 ||    10
         Potion            |     1 |     1 |       ||     2
   Stab: Sleeping          |     3 |     4 |     2 ||     9
 Armour: Leather armour    |     8 |       |       ||     8
         Scale mail        |    41 |   150 |   246 ||   437
  Dodge: Dodged            |    38 |    92 |   157 ||   287

Table legend: (Time is in decaauts)
 A = Elapsed time spent in this place.
 B = Non-inter-level travel time spent in this place.
 C = Inter-level travel time spent in this place.
 D = Time resting spent in this place.
 E = Time spent auto-exploring this place.
 F = Levels seen in this place.
 G = Mean time per level.
                   A        B        C        D        E       F      G
               +--------+--------+--------+--------+--------+-----+--------+
         Total |   6742 |   6146 |    596 |   1019 |   3813 |   8 |  842.8 |
       Dungeon |   6658 |   6062 |    596 |   1019 |   3769 |   7 |  951.1 |
        Bailey |     84 |     84 |      0 |      0 |     44 |   1 |   84.0 |
               +--------+--------+--------+--------+--------+-----+--------+

Top non-repeatable levels by time:
     D:4: 1627 daAuts
     D:6: 1269 daAuts
     D:5: 1077 daAuts
     D:3: 1026 daAuts
     D:2: 825 daAuts
     D:1: 742 daAuts
     D:7: 89 daAuts
  Bailey: 84 daAuts
